Cogmind - Beta 9.2 @@@ ROGUE MODE // 2019.11.30 @ 11:14:54 Player: agrue8u Result: Destroyed by G-34 Mercenary with Small Laser Performance ------------- Evolutions (0) 0 Regions Visited (4) 800 Robots Destroyed (21) 105 Value Destroyed (525) 525 Prototype IDs (23) 460 Alien Tech Used (0) 0 Bonus (300) 300 TOTAL SCORE: 2190 Bonus ------- Aligned with FarCom 300 Cogmind --------- Core Integrity 0/250 Matter 262/300 Energy 497/500 System Corruption 0% Temperature Cool (6) Movement Walking (150) Ox1 Location -9/Mines Parts ------- > --- POWER (1) -------- (None) > --- PROPULSION (2) --- Aluminum Leg Aluminum Leg > --- UTILITY (2) ------ Medium Storage Unit High-capacity Battery > --- WEAPON (2) ------- Minigun Bore Cannon > --- INVENTORY (8) ---- Light Nuclear Core Light Treads High-capacity Matter Pod (200) Supersonic Drone Bay (1/1) Light Assault Rifle Autogun Peak State ------------ > --- POWER ------------ Ion Engine > --- PROPULSION ------- Aluminum Leg Carbon-fiber Leg > --- UTILITY ---------- Medium Storage Unit Experimental Sensor Array > --- WEAPON ----------- Minigun Bore Cannon > --- INVENTORY -------- Ion Engine Light Nuclear Core Light Treads Aluminum Leg High-capacity Battery High-capacity Matter Pod Supersonic Drone Bay Light Assault Rifle [Rating: 21] Favorites ----------- Power Ion Engine Engine Ion Engine Propulsion Aluminum Leg Leg Aluminum Leg Utility Medium Storage Unit Device Experimental Sensor Array Storage Medium Storage Unit Protection Reactive Plating Weapon Minigun Energy Gun Small Laser Ballistic Gun Minigun Ballistic Cannon Bore Cannon Special Weapon Mining Laser Build | -11 -10 -10 -10 -9 ------- Run | Scr Mat Min Exi Min Slots Evolved . | . . . . . Power . | . . . . . Propulsion . | . . . . . Utility . | . . . . . Weapon . | . . . . . Parts Attached 25 | 7 4 8 1 5 Power 4 | 1 1 1 . 1 Engine 4 | 1 1 1 . 1 Core . | . . . . . Reactor . | . . . . . Propulsion 6 | 2 . 2 . 2 Treads . | . . . . . Leg 6 | 2 . 2 . 2 Wheel . | . . . . . Hover . | . . . . . Flight . | . . . . . Utility 6 | 1 2 1 1 1 Device 2 | . 1 . 1 . Storage 3 | 1 1 . . 1 Processor . | . . . . . Hackware . | . . . . . Protection 1 | . . 1 . . Artifact . | . . . . . Weapon 9 | 3 1 4 . 1 Energy Gun 1 | 1 . . . . Energy Cannon . | . . . . . Ballistic Gun 6 | 2 1 3 . . Ballistic Cannon 1 | . . . . 1 Launcher . | . . . . . Special Weapon 1 | . . 1 . . Impact Weapon . | . . . . . Slashing Weapon . | . . . . . Piercing Weapon . | . . . . . Special Melee Weapon . | . . . . . Unidentified Prototypes 1 | . . . 1 . Parts Lost 11 | . . 6 . 5 Power 3 | . . 1 . 2 Propulsion 4 | . . 2 . 2 Utility 2 | . . 1 . 1 Weapon 2 | . . 2 . . Highest Loss Streak 4 | . . 4 . 3 Average Slot Usage (%) 98 | . 99 96 100 98 Engine 13 | . 14 13 14 13 Leg 27 | . 28 27 28 27 Device 5 | . 13 . 2 13 Storage 14 | . 14 14 14 14 Protection 7 | . . 11 11 . Ballistic Gun 23 | . 21 27 28 14 Ballistic Cannon 3 | . . . . 14 Naked Turns . | . . . . . Heaviest Build 28 | 10 17 28 27 26 Greatest Support 25 | 20 20 25 25 25 Greatest Overweight (x) 2 | 2 . 1 1 1 Average Overweight (x) . | . . . . . Largest Inventory Capacity 8 | 6 8 8 8 8 Average Capacity 7 | 5 7 8 8 8 Most Carried 8 | 4 6 6 8 8 Average Carried 5 | 1 5 5 6 7 Final Capacity 8 | 6 8 8 8 8 Final Carried 8 | 4 6 6 8 6 Class Distribution -------------------- 77% | Mutant 22% | Skirmisher Dominant Class ---------------- Mutant | -10/Materials Mutant | -10/Mines Mutant | -10/Exiles Skirmisher | -9/Mines Resources | -11 -10 -10 -10 -9 ----------- Run | Scr Mat Min Exi Min Matter Collected 732 | 216 121 244 10 141 Remotely . | . . . . . Salvage Created 480 | . 121 228 . 131 Parts 36 | . 9 22 . 5 Haulers Intercepted . | . . . . . Recyclers Shooed . | . . . . . Parts Field Recycled . | . . . . . Retrieved Matter . | . . . . . Parts Self-Destructed . | . . . . . Prevented . | . . . . . Kills | -11 -10 -10 -10 -9 ------- Run | Scr Mat Min Exi Min Combat Hostiles Destroyed 21 | . 5 12 . 4 Guns 17 | . 5 11 . 1 Cannons 4 | . . 1 . 3 Classes Destroyed 3 | . 2 . . 1 Swarmer 11 | . 3 8 . . Grunt 9 | . 2 4 . 3 Duelist 1 | . . . . 1 Best Kill Streak 3 | . 3 3 . 3 Combat Bots Only 3 | . 3 3 . 3 Max Kills in Single Turn 1 | . 1 1 . 1 Gunslinging . | . . . . . Exploded . | . . . . . Melee . | . . . . . Uniques/NPCs Destroyed . | . . . . . Combat | -11 -10 -10 -10 -9 -------- Run | Scr Mat Min Exi Min Damage Taken 1322 | . 214 738 . 370 Core 261 | . 60 95 . 106 Absorbed by Shields . | . . . . . Core Remaining (%) 100 | 100 . . . . Volleys Fired 70 | . 21 35 . 14 Largest 2 | . 2 2 . 2 Hottest 120 | . 60 120 . 82 Shots Fired 138 | . 41 69 . 28 Gun 118 | . 41 63 . 14 Cannon 14 | . . . . 14 Launcher . | . . . . . Special 6 | . . 6 . . Kinetic 120 | . 29 63 . 28 Thermal 18 | . 12 6 . . Explosive . | . . . . . Electromagnetic . | . . . . . Robot Hit Streak 12 | . 11 12 . 12 Robot Miss Streak 5 | . 5 2 . 2 Penetration Max . | . . . . . Secondary Targets 2 | . . 2 . . Max Gunslinging Chain 1 | . . 1 . . Shots Hit Robots 89 | . 25 44 . 20 Core Hits 32 | . 10 17 . 5 Critical Hits 5 | . . . . 5 Critical Kills 1 | . . . . 1 Critical Parts Destroyed 4 | . . . . 4 Melee Attacks . | . . . . . Impact . | . . . . . Slashing . | . . . . . Piercing . | . . . . . Sneak Attacks . | . . . . . Combat Hostiles . | . . . . . Follow-up Attacks . | . . . . . Damage Inflicted 1254 | . 242 567 . 445 Guns 905 | . 242 471 . 192 Cannons 253 | . . . . 253 Explosions . | . . . . . Melee . | . . . . . Ramming . | . . . . . Kinetic 1053 | . 137 471 . 445 Thermal 201 | . 105 96 . . Explosive . | . . . . . Electromagnetic . | . . . . . Impact . | . . . . . Slashing . | . . . . . Piercing . | . . . . . Highest Corruption . | . . . . . Average Corruption . | . . . . . Corruption Purged . | . . . . . Overload Shots . | . . . . . Overflow Damage 10 | . . . . 10 Projectiles 10 | . . . . 10 Explosions . | . . . . . Melee . | . . . . . Knockbacks 5 | . . . . 5 Impact . | . . . . . Kinetic 5 | . . . . 5 Secondary . | . . . . . Self-Inflicted Damage . | . . . . . Shots . | . . . . . Rammed . | . . . . . Targets Rammed . | . . . . . Kicked . | . . . . . Crushed . | . . . . . Highest Temperature 209 | . 129 209 . 186 Average Temperature 68 | . 60 60 . 91 Received Heat Transfer 495 | . 81 282 . 132 Siege Activations . | . . . . . Robots Corrupted . | . . . . . Combat Hostiles . | . . . . . Parts Fried . | . . . . . Impact Corruptions . | . . . . . Robots Melted . | . . . . . Combat Hostiles . | . . . . . Parts Melted . | . . . . . Heat Transferred 425 | . 225 200 . . Parts Sabotaged . | . . . . . Parts Stolen . | . . . . . Parts Stripped . | . . . . . Power Chain Reactions . | . . . . . Missiles Intercepted . | . . . . . Alert | -11 -10 -10 -10 -9 ------- Run | Scr Mat Min Exi Min Peak Influence 147 | . 147 135 . 65 Average Influence 43 | . 85 38 . 34 Maximum Alert Level . | . . . . . Low Security (%) 100 | 100 100 100 . 100 Level 1 . | . . . . . Level 2 . | . . . . . Level 3 . | . . . . . Level 4 . | . . . . . Level 5 . | . . . . . High Security . | . . . . . Max Security . | . . . . . Squads Dispatched 1 | . 1 . . . Investigation . | . . . . . Extermination . | . . . . . Reinforcement 1 | . 1 . . . Assault . | . . . . . Garrison . | . . . . . Intercept . | . . . . . Construction Impeded . | . . . . . Haulers Reinforced . | . . . . . Stealth | -11 -10 -10 -10 -9 --------- Run | Scr Mat Min Exi Min Distress Signals 1 | . 1 . . . Communications Jammed . | . . . . . Distress Signals . | . . . . . Times Spotted 29 | . 8 14 . 7 Peak Tracking Total 3 | . 3 3 . 3 Tactical Retreats 2 | . . 1 . 1 Traps | -11 -10 -10 -10 -9 ------- Run | Scr Mat Min Exi Min Traps Triggered 1 | . . 1 . . Indirectly . | . . . . . Trap Hack Attempts . | . . . . . Triggered . | . . . . . Disarmed . | . . . . . Reprogrammed . | . . . . . Reused . | . . . . . Traps Extracted . | . . . . . Installed . | . . . . . Triggered . | . . . . . Machines | -11 -10 -10 -10 -9 ---------- Run | Scr Mat Min Exi Min Machines Disabled 1 | . . 1 . . Max in Single Turn 1 | . . 1 . . Machines Sabotaged . | . . . . . Garrisons Compromised . | . . . . . Overloaded Fab Kills . | . . . . . Fab Network Shutdowns . | . . . . . Hacking | -11 -10 -10 -10 -9 --------- Run | Scr Mat Min Exi Min Machines Accessed 5 | . 3 1 1 . Terminals 3 | . 3 . . . Fabricators . | . . . . . Repair Stations . | . . . . . Recycling Units . | . . . . . Scanalyzers . | . . . . . Garrison Access . | . . . . . Total Hacks 8 | . 6 1 1 . Successful 6 | . 4 1 1 . Failed 2 | . 2 . . . Catastrophic . | . . . . . Database Lockouts . | . . . . . Manual 1 | . . . 1 . Terminals 6 | . 6 . . . Fabricators . | . . . . . Repair Stations . | . . . . . Recycling Units . | . . . . . Scanalyzers . | . . . . . Garrison Access . | . . . . . Terminal Hacks 6 | . 4 1 1 . Open Door 1 | . . 1 . . Emergency Access Points 1 | . 1 . . . Hauler Manifests 1 | . 1 . . . Registered Components 1 | . 1 . . . Zone Layout 1 | . 1 . . . EX-Prototype ID Bank 1 | . . . 1 . Fabricator Hacks . | . . . . . Repair Station Hacks . | . . . . . Recycling Unit Hacks . | . . . . . Scanalyzer . | . . . . . Garrison Access Hacks . | . . . . . Unauthorized Hacks . | . . . . . Terminals . | . . . . . Fabricators . | . . . . . Repair Stations . | . . . . . Recycling Units . | . . . . . Scanalyzers . | . . . . . Garrison Access . | . . . . . Data Cores Recovered . | . . . . . Used . | . . . . . Hacking Detections 2 | . 2 . . . Full Trace Events . | . . . . . Feedback Events . | . . . . . Feedback Blocked . | . . . . . Robot Schematics Acquired . | . . . . . Robots Built . | . . . . . Matter . | . . . . . Time . | . . . . . Total Robot Build Rating . | . . . . . Part Schematics Acquired . | . . . . . Parts Built . | . . . . . Matter . | . . . . . Time . | . . . . . Total Part Build Rating . | . . . . . Parts Repaired . | . . . . . Time . | . . . . . Parts Recycled . | . . . . . Recycled Matter . | . . . . . Retrieved Matter . | . . . . . Retrieved Components . | . . . . . Parts Scanalyzed . | . . . . . Part Schematics Acquired . | . . . . . Parts Damaged . | . . . . . Bothacking | -11 -10 -10 -10 -9 ------------ Run | Scr Mat Min Exi Min Used RIF Installer . | . . . . . Robots Hacked . | . . . . . Non-combat . | . . . . . Combat . | . . . . . Robot Hacks Applied . | . . . . . Relay Couplers Released . | . . . . . Robots Rewired . | . . . . . Allies Hacked . | . . . . . Hacks Repelled . | . . . . . Allies | -11 -10 -10 -10 -9 -------- Run | Scr Mat Min Exi Min Total Allies . | . . . . . Largest Group . | . . . . . Highest-Rated Group . | . . . . . Highest-Rated Ally . | . . . . . Total Orders . | . . . . . Ally Attacks . | . . . . . Total Damage . | . . . . . Kills . | . . . . . Allies Corrupted . | . . . . . Allies Melted . | . . . . . Intel | -11 -10 -10 -10 -9 ------- Run | Scr Mat Min Exi Min Robot Analysis Total . | . . . . . Derelict Logs Recovered 1 | . . 1 . . Drone Launches . | . . . . . Drone Recoveries . | . . . . . Exploration | -11 -10 -10 -10 -9 ------------- Run | Scr Mat Min Exi Min Turns Passed 3203 | 73 353 1219 833 725 Spaces Moved 2001 | 48 234 732 581 406 Core 11 | 11 . . . . Treads . | . . . . . Legs 1990 | 37 234 732 581 406 Wheels . | . . . . . Hover . | . . . . . Flight . | . . . . . Fastest Speed 50 | 50 120 120 120 120 Average Speed 141 | 120 120 143 142 149 Slowest Speed 150 | 150 120 150 150 150 Overloaded Moves . | . . . . . Propulsion Burnouts . | . . . . . Robots Hopped . | . . . . . Cave-ins Triggered . | . . . . . Exploration Rate (%) 56 | 4 35 98 90 55 Regions Visited 4 Branch Regions 3 Pre-discovered Areas . | . . . . . Known Exits Taken . | . . . . . Unknown Exits Taken 4 | 1 1 1 1 . Scrap Searched 2 | . . 1 . 1 Spaces Dug . | . . . . . Terrain Destroyed 8 | . . . . 8 Melee . | . . . . . Projectile 8 | . . . . 8 AOE . | . . . . . Actions | -11 -10 -10 -10 -9 --------- Run | Scr Mat Min Exi Min Total 2239 | 60 269 827 586 497 Wait 119 | . 5 44 . 70 Move 1997 | 47 233 731 580 406 Hop . | . . . . . Pick Up 19 | 5 3 6 3 2 Fast Attach 11 | 6 2 3 . . Attach 9 | . 1 3 1 4 Detach 2 | . 1 . 1 . Swap 5 | 1 1 2 . 1 Drop 7 | 1 2 3 1 . Fire 70 | . 21 35 . 14 Melee . | . . . . . Ram . | . . . . . Kick . | . . . . . Crush . | . . . . . Escape Stasis . | . . . . . Rewire . | . . . . . Trap . | . . . . . Miscellaneous . | . . . . . Route ------- -11/Scrapyard -10/Materials (discovered 2 exits: [*Mat] / *Min) -10/Mines (discovered 3 exits: [*Mat x2] / *Exi) -10/Exiles -9/Mines History --------- Turn | Location | Event 10 | -11/Scrapyard | Discovered new exit (range 15) 74 | -11/Scrapyard | Entered Materials 240 | -10/Materials | Discovered new exit (range 14) 313 | -10/Materials | Build established: Mutant 410 | -10/Materials | Discovered new exit (range 7) 427 | -10/Materials | Entered Mines 447 | -10/Mines | Met a Derelict bent on vengeance 466 | -10/Mines | Discovered new exit (range 8) 521 | -10/Mines | Core integrity fell below 50% 553 | -10/Mines | Lost 4 parts (1p1n1u1w) 653 | -10/Mines | Met a Derelict who couldn't figure out how to use a Trap Extractor 765 | -10/Mines | Learned location of 1 exit from Materials 1316 | -10/Mines | Discovered new exit (range 10) 1413 | -10/Mines | Found a damaged Exp. Sensor Array with a note attached 1421 | -10/Mines | Found Prototype Device 1482 | -10/Mines | Deemed a non-threat by the Exiles lab entrance 1482 | -10/Mines | Discovered new exit (range 5) 1537 | -10/Mines | A weapon hastily lodged in a ceiling crevice suddenly fell to the ground 1646 | -10/Mines | Entered Exiles 1682 | -10/Exiles | Met 8R-AWN 1705 | -10/Exiles | Met EX-HEX 1781 | -10/Exiles | Met EX-DEC 1815 | -10/Exiles | Visited The Gauntlet 2042 | -10/Exiles | Discovered new exit (range 14) 2231 | -10/Exiles | Met EX-BIN 2254 | -10/Exiles | Aligned with FarCom system 2255 | -10/Exiles | Given EX-Vault access code 2290 | -10/Exiles | Opened EX-Vault 2308 | -10/Exiles | Identified Exp. Sensor Array 2310 | -10/Exiles | Found Supersonic Drone Bay 2337 | -10/Exiles | Warned to stay clear of 0b10 Research branches 2479 | -10/Exiles | Left Exiles lab with Supersonic Drone Bay 2479 | -10/Exiles | Entered Mines 2772 | -9/Mines | Build established: Skirmisher 3189 | -9/Mines | Core integrity fell below 20% 3204 | -9/Mines | Destroyed by G-34 Mercenary with Small Laser Last Messages --------------- 03180_ L-31 Rogue suffers critical hit. 03180_ Destroyed Imp. Ion Engine. 03180_ L-31 Rogue knocked back. 03181_ Carbon-fiber Leg destroyed. 03183_ HV Slug penetrates L-31 Rogue. 03183_ L-31 Rogue suffers critical hit. 03183_ Destroyed Imp. Aluminum Leg. 03183_ L-31 Rogue knocked back. 03185_ Exp. Sensor Array destroyed. 03185_ Ion Engine destroyed. 03188_ HV Slug penetrates L-31 Rogue. 03188_ Destroyed Melee Analysis Suite. 03188_ L-31 Rogue knocked back. 03188_ HV Slug penetrates L-31 Rogue. 03188_ HV Slug penetrates Wall. 03193_ HV Slug penetrates L-31 Rogue. 03193_ L-31 Rogue destroyed. 03196_ Acquired 33 matter. 03200_ HV Slug penetrates Wall. 03200_ R-06 Scavenger collects Imp. Aluminum Leg. Map ----- +----------------------------------------------------+ | | | | | | | | | | | | | | | | | | | | | | | | | ?????????????????????????????????????????????????? | | ?????????????????????????????????????????????????? | | ?????????????????????????????????????????????????? | | ?????????????????????????????????????????????????? | | ?????????????????????????????????????????????????? | | ?????????????????????????????????????????????????? | | ?????????????????????????????????????????????????? | | ?????????????????????????????????????????????????? | | ?????????????????????????????????????????????????? | | ?????????????????????????????????????????????????? | | ?????????????????????????????????????????????????? | | ??????????????????####??????????#####????????????? | | ?????????????????## ############ ##???????????? | | ?????????????????# g @ ; # #???????????? | | ????????####????## ##;## ### #???????????? | | ??##???## ##??## ####?# ### #########???? | | ?## ### #### g##????# ## ## ###?? | | ## ## ####### ##? | | #? | | ######### #? | | ## ##????### #?? | | ?## ## ##????## ## ##?? | | ??##??## #????## ##### ### ##??? | | ???????# #???## ##?# # ##??###???? | | ??????## """ ##??## #??### #?????????? | | ??????# """ ##### ##????# #?????????? | | ??????# """ ####?????# #?????????? | | ??????# ####????????# #?????????? | | ??????# ##########???????????# #?????????? | | ??????# ## #????????????????????# #?????????? | | ??????# ?## ##????????????????????# ###???????? | | ?????? ??## ########??????????????# #???????? | | ??????###???# #??????????????## #???????? | | ????????????# ###### #??????????????## #???????? | | ?????????#### #????# #???????????????# #???????? | | ????????## # #????# #???????????????# #???????? | | ????????# #????# ##########?????? ???????? | | ???????## #####????# #?????? ??????? | +----------------------------------------------------+ Best States ------------- Heat Dissipation 25 Energy Generation 10 Energy Capacity 500 Matter Stores 300 Matter Capacity 300 Sight Range 16 Robot Scan Range 30 Terrain Scan Range 14 Terrain Scan Density 10 Armor Coverage 150 Resistance: KI 20 Evasion (%) 40 Item Schematics ----------------- None Robot Schematics ------------------ None Fabricated ------------ Nothing Alien Tech Used ----------------- None Achievements -------------- None Challenges ------------ None Game ------ Seed DamperAssembledProjector Manual? 0 Play Time 00:39:05 Cumulative 10.7 hours Start 2019.11.29 @ 17:43:03 End 2019.11.30 @ 11:14:54 Sessions 4 Manual Loads 0 Difficulty Rogue Special Mode None Game No. 5 Rogue 5 Adventurer 0 Explorer 0 Win Type - Total 0 Types 0/0/0/0/0/0/0 Lore% 12 Gallery% 9 Achievement% 10 Wizard Run 0 Options --------- ASCII 1 Keyboard 1 Movement Numpad Keybinds 1 Fullscreen 1 Font 16/SmallcapsGlow Map View 75x55 Tactical HUD 1 Map Filters NONE Filters NONE Steam 0 RUN: 4fd67785-15b3-4b8e-a6ba-3bc8250600f2